 Dungeon Crawl Stone Soup version 0.20-a0-689-g860b9ab (webtiles) character file.

86 Alarkh the Magician (level 4, 0/30 HPs)
             Began as a Mummy Fire Elementalist on Feb 19, 2017.
             Slain by Robin
             ... wielding a +0 dagger
              (1 damage)
             ... on level 2 of the Dungeon.
             The game lasted 00:02:35 (1507 turns).

Alarkh the Magician (Mummy Fire Elementalist)       Turns: 1507, Time: 00:02:36

Health: 0/30       AC:  3    Str: 11    XL:     4   Next: 26%
Magic:  5/10       EV: 11    Int: 15    God:
Gold:   119        SH:  0    Dex: 12    Spells: 10/11 levels left

rFire    . . .     SeeInvis .   a - +2 hand axe (elec)
rCold    + + .     Gourm    .   c - +0 leather armour {rF+}
rNeg     + + +     Faith    .   (no shield)
rPois    ∞         Spirit   .   (no helmet)
rElec    .         Reflect  .   (no cloak)
rCorr    .         Harm     .   (no gloves)
MR       .....                  (no boots)
Stlth    +.........             (no amulet)
Regen    0.1/turn               (no ring)
MPRegen  0.2/turn               h - ring of protection from cold

@: very slightly contaminated
A: no food or potions, fire vulnerability, cold resistance 1, negative energy
resistance 3, torment resistance, unbreathing
a: no special abilities


You were on level 2 of the Dungeon.
You were not hungry.

You visited 1 branch of the dungeon, and saw 2 of its levels.

You collected 119 gold pieces.

Inventory:

Hand Weapons
 a - a +2 hand axe of electrocution (weapon)
 d - a +0 spear
Armour
 c - a +0 leather armour of fire resistance (worn)
 g - a +0 robe
Jewellery
 h - a ring of protection from cold (left hand)
Scrolls
 e - a scroll of identify
 f - 4 scrolls of amnesia
 i - a scroll of teleportation {unknown}
 k - 2 scrolls of enchant armour {unknown}
 l - a scroll of blinking {unknown}
Books
 b - a book of Flames

   Spells                             Type                      Level
   a - Flame Tongue                   Conjuration/Fire             1
   b - Throw Flame                    Conjuration/Fire             2
   c - Conjure Flame                  Conjuration/Fire             3
   d - Inner Flame                    Hexes/Fire                   3
   e - Sticky Flame                   Conjuration/Fire             4
   f - Fireball                       Conjuration/Fire             5


   Skills:
 - Level 1.5 Dodging
 - Level 1.5 Stealth
 + Level 4.0 Spellcasting
 + Level 2.0 Conjurations
 + Level 3.0 Fire Magic


You had 10 spell levels left.
You knew the following spells:

 Your Spells              Type           Power        Failure   Level  Hunger
a - Flame Tongue          Conj/Fire      ##...        10%         1    N/A

Dungeon Overview and Level Annotations

Branches:
Dungeon (2/15)

Altars:
Qazlal
The Shining One

Annotations:
D:2 Robin


Innate Abilities, Weirdness & Mutations

You do not eat or drink.
Your flesh is vulnerable to fire.
You are immune to poison.
Your flesh is cold resistant. (rC+)
You are immune to negative energy. (rN+++)
You are immune to unholy pain and torment.
You can survive without breathing.


Message History

Aim: Robin, wielding a dagger, wearing an animal skin and wearing a helmet (almost dead)
The flame tongue misses Robin.
Robin hits you but does no damage. The goblin closely misses you.
Casting: Flame Tongue
Confirm with . or Enter, or press ? or * to list all spells.
Aiming: Flame Tongue
Press: ? - help, Shift-Dir - straight line, f/p - Robin
Aim: Robin, wielding a dagger, wearing an animal skin and wearing a helmet (almost dead)
You miscast Flame Tongue.
You are very lightly contaminated with residual magic.
You feel a strange surge of energy! Robin closely misses you.
The goblin hits you with a club.
* * * LOW HITPOINT WARNING * * *
Casting: Flame Tongue
Confirm with . or Enter, or press ? or * to list all spells.
Aiming: Flame Tongue
Press: ? - help, Shift-Dir - straight line, f/p - Robin
Aim: Robin, wielding a dagger, wearing an animal skin and wearing a helmet (almost dead)
You miscast Flame Tongue.
Your bandages flutter.
Robin hits you with a dagger.
You die...

## #.#,,,,,,* #.# .#
#.#,,,,*,* #.# .#
#.#*****,### #.# .#
#.#,,,,,,..# *.#
.###.#,****,#.# *,*
.....#,,,,,,#.# *,*
####.#***,**#.# *,* #
#.########.########.#
#
#...........g@g.....#
#
#..........##########
# ############ #


You could see Robin and a goblin.

Vanquished Creatures
  Jessica (D:2)
  2 adders (D:2)
  An ooze (D:1)
  2 worms
  A dart slug (D:1)
  2 giant cockroaches
  9 goblins
  2 hobgoblins (D:2)
  A quokka (D:2)
  A bat (D:1)
  6 frilled lizards
  3 kobolds
  2 rats
33 creatures vanquished.

Notes
Turn   | Place    | Note
-------+----------+-------------------------------------------
     0 | D:1      | Alarkh the Mummy Fire Elementalist began the quest for the Orb.
     0 | D:1      | Reached XP level 1. HP: 13/13 MP: 4/4
    43 | D:1      | Reached skill level 1 in Conjurations
   197 | D:1      | Reached skill level 3 in Spellcasting
   197 | D:1      | Reached XP level 2. HP: 19/19 MP: 4/6
   884 | D:2      | Reached XP level 3. HP: 20/24 MP: 7/7
   949 | D:2      | Found a glowing golden altar of the Shining One.
  1094 | D:2      | Found a faded altar of an unknown god.
  1106 | D:2      | Noticed Jessica
  1108 | D:2      | Became a worshipper of Qazlal Stormbringer
  1108 | D:2      | Reached * piety under Qazlal
  1109 | D:2      | Fell from the grace of Qazlal
  1238 | D:2      | Killed Jessica
  1238 | D:2      | Reached XP level 4. HP: 30/30 MP: 9/9
  1489 | D:2      | Noticed Robin
  1500 | D:2      | Reached skill level 4 in Spellcasting
  1506 | D:2      | HP: 1/30 [goblin/club[Robin] (5)]
  1507 | D:2      | Slain by Robin

Vault maps used:
D:1:      mrwooster_arrival_statue
D:2:      nicolae_overflow_crystal_walls, chequers_ecumenical_altar_island,
          nemelex_dance_club_becter, uniq_jessica, uniq_robin

Skill      XL: |  1  2  3  4 |
---------------+-------------+-----
Conjurations   | 1 2 |  2.0
Spellcasting   | 3 4 |  4.0
Fire Magic     | 3 |  3.0
Dodging        | |  1.5
Stealth        | |  1.5

Action                   |  1- 3 |  4- 6 || total
-------------------------+-------+-------++-------
Melee: Spear             |     1 |       ||     1
       Hand axe          |    36 |    17 ||    53
 Cast: Flame Tongue      |    33 |     3 ||    36
Invok: Renounce Religion |     1 |       ||     1
  Use: Scroll            |     3 |       ||     3
 Stab: Sleeping          |     2 |       ||     2
Armor: Robe              |     1 |       ||     1
       Leather armour    |     9 |     4 ||    13
Dodge: Dodged            |    25 |    16 ||    41
